 Dungeon Crawl Stone Soup version 0.19.5 (webtiles) character file.

407 LORDOFBUTT the Chopper (level 6, -1/53 HPs)
             Began as a Minotaur Berserker on May 9, 2017.
             Was a Priest of Trog.
             Slain by an orc wizard
             ... wielding a cursed -2 dagger
              (2 damage)
             ... on level 3 of the Dungeon.
             The game lasted 00:03:20 (2132 turns).

LORDOFBUTT the Chopper (Minotaur Berserker)         Turns: 2132, Time: 00:03:21

Health: -1/53      AC: 11    Str: 21    XL:     6   Next: 57%
Magic:  5/5        EV:  9    Int:  4    God:    Trog [***...]
Gold:   72         SH:  0    Dex: 12    Spells: 0 memorised, 5 levels left

rFire  . . .     SeeInvis .     o - +1 war axe
rCold  . . .     Gourm    .     l - +0 chain mail
rNeg   . . .     Faith    .     (no shield)
rPois  .         Spirit   .     (helmet restricted)
rElec  .         Reflect  .     (no cloak)
rCorr  .         Harm     .     (no gloves)
MR     ++...                    p - +1 pair of boots
Stlth  ..........               (no amulet)
                                (no ring)
                                (no ring)

@: lethally poisoned (-1 -> -1), regenerating
A: retaliatory headbutt, horns 2
a: Berserk, Trog's Hand, Burn Spellbooks, Renounce Religion


You were on level 3 of the Dungeon.
You worshipped Trog.
Trog was most pleased with you.
You were not hungry.

You visited 1 branch of the dungeon, and saw 3 of its levels.

You collected 72 gold pieces.

Inventory:

Hand Weapons
 o - a +1 war axe (weapon)
Armour
 l - a +0 chain mail (worn)
 p - a +1 pair of boots (worn)
Potions
 a - a potion of cancellation {unknown}
 d - a potion of heal wounds {unknown}
 e - 2 potions of agility
 h - a potion of magic {unknown}
 j - a potion of lignification {unknown}
 k - a potion of curing {unknown}
Comestibles
 b - 6 chunks of flesh
 c - 4 bread rations
 f - a meat ration
 m - 9 fruits


   Skills:
 - Level 4.7 Fighting
 * Level 7.1 Axes
 + Level 4.4 Armour
 - Level 2.8 Dodging
 - Level 0.3 Stealth


You had 5 spell levels left.
You didn't know any spells.

Dungeon Overview and Level Annotations

Branches:
Dungeon (3/15)

Altars:


Innate Abilities, Weirdness & Mutations

You reflexively headbutt those who attack you in melee.
You have a pair of horns on your head.


Message History

A goblin comes into view. It is wielding a dagger.
You feel the effects of Trog's Hand fading.
You feel sick.
The goblin shouts!
Something hits you but does no damage.
The orc wizard mumbles some strange words.
The orc wizard blinks!
You miss something.
You feel sick. Something hits you.
* * * LOW HITPOINT WARNING * * *
Something hits you but does no damage.
You slash something!
You feel sick. Something hits you but does no damage.
The orc wizard gestures wildly while chanting.
The orc wizard blinks!
You hit something.
You feel sick.
You hear some strange, mumbled words.
A magic dart appears from out of thin air!
The magic dart hits you!
* * * LOW HITPOINT WARNING * * *
Something hits you.
You die...

......
#...........o
......
#..........o.
#+####
#....ยง.....o{ ..#
#'#
################.#
...............#g#
##############.#.#
.........#.#
########..#@#
#.........#{#
#.######.##)#
#..))# ######


You could see a goblin.

Vanquished Creatures
  Grinder (D:3)
  An orc priest (D:3)
  An orc wizard (D:3)
  Terence (D:2)
  Natasha (D:2)
  5 adders
  2 worms (D:2)
  A leopard gecko (D:1)
  6 orcs (D:3)
  A giant cockroach (D:1)
  7 hobgoblins
  6 jackals (D:2)
  A ball python (D:3)
  2 bats (D:1)
  3 frilled lizards
  6 goblins
  6 kobolds
  8 rats
59 creatures vanquished.

Notes
Turn   | Place    | Note
-------+----------+-------------------------------------------
     0 | D:1      | LORDOFBUTT the Minotaur Berserker began the quest for the Orb.
     0 | D:1      | Reached XP level 1. HP: 19/19 MP: 0/0
   180 | D:1      | Reached XP level 2. HP: 20/27 MP: 1/1
   843 | D:2      | Reached skill level 4 in Axes
   921 | D:2      | Reached XP level 3. HP: 30/33 MP: 2/2
   953 | D:2      | Reached ** piety under Trog
  1160 | D:2      | Noticed Natasha
  1167 | D:2      | Killed Natasha
  1167 | D:2      | Reached XP level 4. HP: 41/41 MP: 3/3
  1264 | D:2      | Noticed Terence
  1272 | D:2      | Killed Terence
  1272 | D:2      | Reached skill level 5 in Axes
  1775 | D:3      | Reached XP level 5. HP: 47/47 MP: 4/4
  1894 | D:3      | Noticed Grinder
  1908 | D:3      | HP: 3/70 [Grinder (6)]
  1911 | D:3      | Killed Grinder
  1911 | D:3      | Reached skill level 6 in Axes
  1911 | D:3      | Reached XP level 6. HP: 4/53 MP: 5/5
  2047 | D:3      | Reached skill level 7 in Axes
  2120 | D:3      | Reached *** piety under Trog
  2132 | D:3      | HP: 1/53 [something/magic dart (4)]
  2132 | D:3      | Slain by an orc wizard

Skill      XL: |  1  2  3  4  5  6 |
---------------+-------------------+-----
Fighting       | 4 |  4.7
Axes           | 4 5 6 7 |  7.1
Armour         | 3 4 |  4.4
Dodging        | |  2.8
Stealth        | |  0.3

Action                   |  1- 3 |  4- 6 || total
-------------------------+-------+-------++-------
Melee: Hand axe          |    36 |       ||    36
       Headbutt          |     6 |    11 ||    17
       War axe           |    14 |    65 ||    79
Invok: Berserk           |     1 |     2 ||     3
       Trog's Hand       |       |     1 ||     1
  Use: Scroll            |     4 |     3 ||     7
 Stab: Sleeping          |     1 |       ||     1
  Eat: Chunk             |     1 |     6 ||     7
Armor: Animal skin       |     6 |       ||     6
       Chain mail        |       |    27 ||    27
Dodge: Dodged            |    40 |    26 ||    66
